 Dungeon Crawl Stone Soup version 0.15.0-14-g6bbbb5c (console) character file.

6831 gw the Basher (level 10, -1/91 HPs)
             Began as a Minotaur Berserker on Sept 4, 2014.
             Was an Elder of Trog.
             Slain by a hill giant
             ... wielding a +0 giant club
              (26 damage)
             ... on Level 10 of the Dungeon.
             The game lasted 00:05:33 (11609 turns).

gw the Basher (Minotaur Berserker)                 Turns: 11609, Time: 00:05:33

HP  -1/91        AC 18     Str 19 (21) XL: 10   Next: 77%
MP   4/4         EV  7     Int  4      God: Trog [****..]
Gold 0           SH  0     Dex 17      Spells:  0 memorised,  9 levels left

rFire  + . .     SeeInvis .     a - +1 morningstar
rCold  . . .     Clarity  .     l - +0 chain mail
rNeg   + . .     rCorr    .     (no shield)
rPois  .         rRot     .     (helmet restricted)
rElec  .         Spirit   .     p - +0 cloak (curse)
SustAb .         Warding  +     j - +0 pair of gloves {Dex+3}
rMut   .         Stasis   .     (no boots)
Gourm  .                        t - amulet of warding
MR     .....                    e - +4 ring of protection
                                m - cursed ring of protection from fire

@: not resistant to hostile enchantments, extremely unstealthy
A: retaliatory headbutt, horns 2, deterioration 1, sense surroundings 1
a: Burn Spellbooks, Berserk, Trog's Hand, Brothers in Arms, Renounce Religion


You were on level 10 of the Dungeon.
You worshipped Trog.
Trog was greatly pleased with you.
You were not hungry.

You visited 1 branch of the dungeon, and saw 10 of its levels.

Inventory:

Hand weapons
 a - a +1 morningstar (weapon)
Missiles
 i - 207 stones
 k - 8 javelins of returning (quivered)
 r - 9 steel javelins
 v - 4 tomahawks
 w - a tomahawk of returning
 x - 8 silver javelins
Armour
 j - a +0 pair of gloves of dexterity (worn)
 l - a +0 chain mail (worn)
 p - a cursed +0 cloak (worn)
Magical devices
 n - a wand of digging (8)
 u - a wand of slowing (9) {unknown}
Comestibles
 b - 6 meat rations
 c - 5 bread rations
 h - 2 beef jerkies
 q - 7 slices of pizza
 z - 12 fruits
Scrolls
 d - a scroll of recharging
 f - 6 scrolls of identify
 y - a scroll of remove curse
Jewellery
 e - a +4 ring of protection (right hand)
 m - a cursed ring of protection from fire (left hand)
 t - an amulet of warding (around neck)
Potions
 g - a potion of resistance
 o - a potion of curing
 s - a potion of restore abilities
 A - a potion of heal wounds


   Skills:
 + Level 9.5 Fighting
 * Level 12.7 Maces & Flails
 + Level 7.2 Throwing
 + Level 9.3 Armour
 - Level 2.1 Dodging


You had 9 spell levels left.
You didn't know any spells.

Dungeon Overview and Level Annotations

Branches:
Dungeon (10/15)            Temple (0/1) D:5
    Orc: D:9-12        Lair: D:8-11

Altars:
Ashenzari
Elyvilon
Qazlal
Sif Muna
Trog
Xom


Innate Abilities, Weirdness & Mutations

You reflexively headbutt those who attack you in melee.
You have a pair of horns on your head.
Your body is slowly deteriorating.
You passively map a small area around you.


Message History

MOVING TO (4,-1) Use which ability? (? or * to list)
You fail to use your ability.
Use which ability? (? or * to list)
You fail to use your ability.
The hill giant hits you with a giant club!!
Use which ability? (? or * to list)
You fail to use your ability.
The hill giant barely misses you.
Use which ability? (? or * to list)
You fail to use your ability.
Use which ability? (? or * to list)
You fail to use your ability.
The hill giant hits you but does no damage.
Use which ability? (? or * to list)
You fail to use your ability.
The hill giant hits you with a giant club!!
Use which ability? (? or * to list)
You fail to use your ability.
The hill giant hits you with a giant club!!
You die...

...#####.#### ,
#............. , , *
#.#.....# ** .
..#..>..## . .........#
###! .##......# #..
..###.##.# #.# #
#...#.##>######.####...#
...............CH......#
................########
##............###
#..............#
#..............#
#..............#
#..............#
#..............#
..............###


You could see a hill giant.

Table legend:
 A = Turns spent in this place as a percentage of turns spent in the entire game.
 B = Non-inter-level travel turns spent in this place as a percentage of non-inter-level travel turns spent in the entire game.
 C = Inter-level travel turns spent in this place as a percentage of turns spent in this place.
 D = Turns resting spent in this place as a percentage of non-inter-level travel turns spent in this place.
 E = Turns spent auto-exploring this place as a percentage of non-inter-level travel turns spent in this place.
 F = Non-inter-level travel turns spent in this place divided by the number of levels of this place that you've seen.
                   A       B       C       D       E      F
               +-------+-------+-------+-------+-------+----------------------
         Total | 100.0 | 100.0 |   1.6 |   7.1 |  17.5 | 274.7
       Dungeon | 100.0 | 100.0 |   1.6 |   7.1 |  17.5 | 274.7
               +-------+-------+-------+-------+-------+----------------------

Table legend:
 A = Kills in this place as a percentage of kills in entire the game.
 B = Kills by you in this place as a percentage of kills by you in the entire game.
 C = Kills by friends in this place as a percentage of kills by friends in the entire game.
 D = Other kills in this place as a percentage of other kills in the entire game.
 E = Experience gained in this place as a percentage of experience gained in the entire game.
 F = Experience gained in this place divided by the number of levels of this place that you have seen.
                   A       B       C       D       E      F
               +-------+-------+-------+-------+-------+----------------------
         Total | 100.0 | 100.0 | 100.0 |  -nan | 100.0 | 975.9
       Dungeon | 100.0 | 100.0 | 100.0 |  -nan | 100.0 | 975.9
               +-------+-------+-------+-------+-------+----------------------

Vanquished Creatures
  A troll (D:10)
  2 hill giant zombies (D:10)
  2 yaks (D:8)
  A hippogriff (D:9)
  Grum (D:9)
  2 wolves (D:9)
  Edmund (D:4)
  A necrophage (D:7)
  2 ice beasts
  7 centaurs
  2 sky beasts
  4 ogres
  4 phantoms
  Sigmund (D:5)
  3 big kobolds
  Blork the orc (D:4)
  8 giant frogs
  A gnoll sergeant (D:5)
  A jelly (D:5)
  An eye of draining (D:10)
  2 wights (D:8)
  2 killer bees (D:8)
  A yak skeleton (D:9)
  A scorpion (D:9)
  A hippogriff skeleton (D:6)
  A crimson imp (D:5)
  A goliath beetle (D:7)
  Crazy Yiuf (D:4)
  4 orc priests
  3 iguanas
  8 worker ants
  6 hounds
  5 orc wizards
  An ogre zombie (D:4)
  2 sheep (D:8)
  A sky beast zombie (D:5)
  A hound skeleton (D:4)
  8 gnolls
  14 adders
  2 orc skeletons (D:7)
  A shadow imp (D:9)
  3 giant mites
  A worm (D:4)
  8 giant geckos
  17 orcs
  14 bats
  A bat zombie (D:5)
  21 goblins
  14 hobgoblins
  11 jackals
  An ooze (D:7)
  5 quokkas
  3 ball pythons
  8 giant cockroaches
  3 giant newts
  A giant spore (D:8)
  2 goblin skeletons
  25 kobolds
  A kobold skeleton (D:3)
  A kobold zombie (D:6)
  An orc zombie (D:5)
  21 rats
  A rat zombie (D:7)
  15 ballistomycetes
290 creatures vanquished.

Vanquished Creatures (collateral kills)
  A hydra (D:8)
  Prince Ribbit (D:6)
  Menkaure (D:5)
  2 wolves (D:9)
  A big kobold (D:8)
  An ogre (D:5)
  A killer bee (D:8)
  A wight (D:8)
  A hound (D:8)
  An orc priest (D:5)
  A worker ant (D:6)
  An orc wizard (D:5)
  A worm (D:4)
14 creatures vanquished.

Vanquished Creatures (others)
  2 ogres (D:8)
  2 giant spores
4 creatures vanquished.

Grand Total: 308 creatures vanquished

Notes
Turn   | Place    | Note
--------------------------------------------------------------
     0 | D:1      | gw, the Minotaur Berserker, began the quest for the Orb.
     0 | D:1      | Reached XP level 1. HP: 19/19 MP: 1/1
   200 | D:1      | Reached skill level 4 in Maces & Flails
   419 | D:1      | Reached XP level 2. HP: 27/27 MP: 1/1
   467 | D:1      | Acquired Trog's second power
   695 | D:1      | Reached XP level 3. HP: 33/33 MP: 2/2
   828 | D:1      | Reached skill level 1 in Throwing
  1603 | D:2      | Found a shimmering altar of Xom.
  1657 | D:2      | Reached XP level 4. HP: 37/40 MP: 2/2
  1803 | D:2      | Found a shattered altar of Ashenzari.
  1877 | D:2      | Reached skill level 5 in Maces & Flails
  2440 | D:3      | Reached XP level 5. HP: 43/47 MP: 2/2
  2509 | D:3      | Found a white marble altar of Elyvilon.
  3129 | D:3      | Acquired Trog's third power
  3776 | D:4      | Noticed an ogre
  3783 | D:4      | Killed an ogre
  3783 | D:4      | Reached skill level 6 in Maces & Flails
  3783 | D:4      | Reached XP level 6. HP: 28/55 MP: 3/3
  3998 | D:4      | Noticed Blork the orc
  4005 | D:4      | Killed Blork the orc
  4005 | D:4      | Reached skill level 5 in Fighting
  4289 | D:4      | Found a bloodstained altar of Trog.
  4419 | D:4      | Noticed Edmund
  4428 | D:4      | Killed Edmund
  4428 | D:4      | Reached skill level 7 in Maces & Flails
  4428 | D:4      | Reached XP level 7. HP: 61/61 MP: 3/3
  4625 | D:4      | Found a deep blue altar of Sif Muna.
  4669 | D:4      | Noticed an ogre
  4673 | D:4      | Killed an ogre
  4673 | D:4      | Reached skill level 5 in Armour
  4782 | D:4      | Noticed Crazy Yiuf
  4789 | D:4      | Killed Crazy Yiuf
  5070 | D:4      | Noticed a phantom
  5094 | D:4      | Killed a phantom
  5325 | D:5      | Entered Level 5 of the Dungeon
  5401 | D:5      | Found a staircase to the Ecumenical Temple.
  5412 | D:5      | Received a gift from Trog
  5501 | D:5      | Noticed Menkaure
  5509 | D:5      | Killed Menkaure
  5509 | D:5      | Reached skill level 8 in Maces & Flails
  5808 | D:5      | Reached XP level 8. HP: 64/70 MP: 3/3
  6406 | D:5      | Reached skill level 9 in Maces & Flails
  6482 | D:5      | Noticed Sigmund
  6489 | D:5      | Killed Sigmund
  7253 | D:6      | Found a shattered altar of Ashenzari.
  7356 | D:6      | Noticed Prince Ribbit
  7358 | D:6      | Reached XP level 9. HP: 61/79 MP: 4/4
  7362 | D:6      | Killed Prince Ribbit
  7496 | D:6      | Received a gift from Trog
  7593 | D:6      | Reached skill level 10 in Maces & Flails
  7692 | D:6      | Found a stormy altar of Qazlal.
  7806 | D:6      | Reached skill level 5 in Throwing
  8985 | D:7      | Gained mutation: Your body is slowly deteriorating. [potion of mutation]
  8985 | D:7      | Gained mutation: You passively map a small area around you. [potion of mutation]
  9184 | D:8      | Reached skill level 11 in Maces & Flails
  9800 | D:8      | Reached XP level 10. HP: 83/89 MP: 4/4
  9864 | D:8      | Noticed a three-headed hydra
  9873 | D:8      | Killed a three-headed hydra
 10310 | D:9      | Noticed Grum
 10322 | D:9      | Reached skill level 12 in Maces & Flails
 10327 | D:9      | Killed Grum
 10650 | D:9      | Received a gift from Trog
 11366 | D:10     | Entered Level 10 of the Dungeon
 11475 | D:10     | Received a gift from Trog
 11555 | D:10     | Noticed a hill giant
 11609 | D:10     | Slain by a hill giant

Action                   |  1- 3 |  4- 6 |  7- 9 | 10-12 || total
-------------------------+-------+-------+-------+-------++-------
Melee: Mace              |    78 |    95 |       |       ||   173
       Flail             |       |    26 |   144 |       ||   170
       Morningstar       |       |       |   140 |    76 ||   216
Throw: Stone             |    61 |   115 |    30 |       ||   206
       Javelin           |       |       |   132 |    42 ||   174
       Tomahawk          |       |       |    15 |       ||    15
Invok: Brothers in Arms  |       |     1 |     6 |     2 ||     9
       Berserk           |       |     2 |     4 |     3 ||     9
       Trog's Hand       |       |     2 |     2 |     3 ||     7
Evoke: Wand              |       |       |     1 |       ||     1
  Use: Scroll            |     6 |     2 |     3 |     1 ||    12
       Potion            |     1 |     7 |     8 |     1 ||    17
 Stab: Distracted        |       |       |       |     1 ||     1
  Eat: Chunk             |     2 |    10 |    24 |    10 ||    46

Vault maps used:
D:1:      dpeg_arrival_subterranean_lakeside_camping, minivault_14
D:2:      old_standard_altar, lemuel_crystal_altar
D:3:      old_standard_altar, hangedman_decor_diamond_cutter
D:4:      lemuel_blue_sif_altar, trog_hazing_becter, uniq_edmund,
          uniq_crazy_yiuf_cottage, uniq_blork_the_orc
D:5:      minmay_temple_entry_large_hall, first_bread, uniq_menkaure,
          uniq_sigmund
D:6:      lemuel_round_altar, evilmike_ruin_ashenzari, uniq_prince_ribbit1
D:8:      hangedman_ranch, glass_columns_a
D:9:      minmay_misc_feat_tiny, kennysheep_cross_room, uniq_grum
D:10:     lair_0_dummy, basic_altar
